 Dungeon Crawl Stone Soup version 0.30-a0-852-g08b95dd62f (webtiles) character file.

Game seed: 393771123735399394

1321 FexLirch the Insei (level 8, -3/48 HPs)
             Began as an Octopode Transmuter on Mar 4, 2023.
             Was an Initiate of Gozag.
             Slain by an ice beast (10 damage)
             ... on level 6 of the Dungeon on Mar 5, 2023.
             The game lasted 00:23:39 (5009 turns).

FexLirch the Insei (Octopode Transmuter)            Turns: 5009, Time: 00:23:39

Health: -3/48      AC:  1    Str:  9    XL:     8   Next: 59%
Magic:  9/11       EV: 13    Int: 18    God:    Gozag
Gold:   796        SH:  0    Dex: 12    Spells: 1/11 levels left

rFire   . . .      SeeInvis .      - Unarmed
rCold   . . .      Faith    .    (no shield)
rNeg    . . .      Spirit   .    (helmet currently unavailable)
rPois   .          Reflect  .    (no amulet)
rElec   .          Rampage  .    (no ring)
rCorr   .                        (no ring)
Will    .....                    (no ring)
Stlth   ++                       (no ring)
HPRegen 0.28/turn                (no ring)
MPRegen 0.12/turn                (no ring)
                                 (no ring)
                                 (no ring)

@: appendages (expiring), wereblooded, gold aura
A: tentacle spike 3, almost no armour, amphibious, 8 rings, camouflage 1,
gelatinous body 1, (nimble swimmer 1), tentacles
a: End Transformation, Renounce Religion, Potion Petition, Call Merchant, Bribe
Branch


You were on level 6 of the Dungeon.
You worshipped Gozag.
Gozag was pleased with you.
One of your tentacles had grown a beastly spike.
You visited 2 branches of the dungeon, and saw 8 of its levels.
You also visited: Bailey.

You collected 1030 gold pieces.
You spent 234 gold pieces at shops.

Inventory:

Hand Weapons
 r - a +0 sling
 w - a +0 giant club
 y - the +7 hand axe of FexLirch's Misery {heavy, +Blink rF+ rCorr SInv}
   (You found it on level 7 of the Dungeon)

   rF:        It protects you from fire.
   SInv:      It lets you see invisible.
   +Blink:    It lets you blink.
   rCorr:     It protects you from acid and corrosion.
Missiles
 d - 60 stones
 j - 2 boomerangs
 p - 6 poisoned darts (quivered)
 x - 8 javelins
Magical Staves
 i - a staff of earth
Wands
 s - a wand of roots (9)
 v - a wand of charming (8)
Scrolls
 c - 2 scrolls of blinking
 g - 2 scrolls of fog {unknown}
 h - a scroll of fear {unknown}
 k - a scroll of magic mapping
 l - 4 scrolls of teleportation
 n - a scroll of enchant armour {unknown}
 q - 2 scrolls of enchant weapon {unknown}
 t - a scroll of immolation {unknown}
Potions
 a - 3 potions of lignification
 b - 5 potions of curing
 e - 3 potions of brilliance {unknown}
 f - a potion of flight {unknown}
 m - 2 potions of haste
 o - a potion of magic {unknown}
 u - a potion of heal wounds {unknown}


   Skills:
 - Level 1.0 Fighting
 - Level 2.0 Dodging
 + Level 7.7 Unarmed Combat
 - Level 2.0 Spellcasting
 + Level 7.3 Transmutations
 + Level 0.8 Ice Magic
 + Level 1.1 Poison Magic


You had one spell level left.
You knew the following spells:

 Your Spells              Type           Power      Damage    Failure   Level
a - Beastly Appendage     Tmut           56%        N/A       1%          1
b - Wereblood             Tmut           28%        N/A       1%          2
c - Spider Form           Tmut/Pois      17%        N/A       10%         3
d - Ice Form              Ice/Tmut       16%        N/A       32%         4

Your spell library contained the following spells:

 Spells                   Type           Power      Damage    Failure   Level
 Necrotise                Necr           4%         1d4       19%         1
 Call Canine Familiar     Summ           1%         N/A       47%         3
 Portal Projectile        Hex/Tloc       2%         N/A       47%         3
 Vampiric Draining        Necr           1%         2d6       47%         3
 Leda's Liquefaction      Hex/Erth       0%         N/A       87%         4
 Agony                    Necr           1%         N/A       99%         5
 Summon Forest            Summ/Tloc      0%         N/A       99%         5
 Eringya's Noxious Bog    Tmut/Pois      8%         N/A       99%         6
 Summon Hydra             Summ           0%         N/A       100%        7


Dungeon Overview and Level Annotations

Branches:
Dungeon (7/15)             Temple (1/1) D:4          Bailey (visited)

Altars:
Cheibriados
Dithmenos
Gozag
Kikubaaqudgha
Makhleb
Qazlal
Sif Muna
Trog
Uskayaw
Vehumet
Wu Jian

Shops:
D:3 *?[=   D:7 *

Annotations:
D:4 exclusion: gnoll
D:6 Menkaure
Temple 2 transporters


Innate Abilities, Weirdness & Mutations

One of your tentacles has grown a beastly spike.
You cannot wear most types of armour.
You are amphibious.
You can wear up to eight rings at the same time.
Your skin changes colour to match your surroundings (Stealth+).
Your rubbery body absorbs attacks. (AC +1, EV +1)
((You are camouflaged when in or above water. (Stealth+)))
You have tentacles for arms and can constrict up to eight enemies at once.


Message History

A hound comes into view.
The hound barks!
Casting: Beastly Appendage (safe; 1% risk of failure)
Confirm with . or Enter, or press ? or * to list all spells.
One of your tentacles grows a vicious spike.
Casting: Beastly Appendage (safe; 1% risk of failure)
Confirm with . or Enter, or press ? or * to list all spells.
Your blood is infused with primal strength.
You tentacle-slap the hound. Your grab misses the hound.
Your tentacle spike misses the hound.
The hound is moderately wounded.
The hound bites you.
You tentacle-slap the hound. You grab the hound.
You pierce the hound.
You squeeze the hound.
You feel a bit better.
You kill the hound!
You bludgeon the ice beast! You tentacle-slap the ice beast.
You squeeze the ice beast.
The ice beast is severely wounded.
The ice beast hits you. The ice beast freezes you.
You closely miss the ice beast.
The ice beast is severely wounded.
The ice beast hits you. The ice beast freezes you!
You barely miss the ice beast.
Your tentacle spike misses the ice beast.
The ice beast is severely wounded.
You howl as the wereblood boils in your veins!
The ice beast hits you. The ice beast freezes you!
* * * LOW HITPOINT WARNING * * *
Aiming: Fastroot
Press: ? - help, Shift-Dir - straight line The roots erupt in riotous growth!
Roots grab the ice beast.
Your transformation is almost over.
The grasping roots constrict the ice beast.
You hear an angry hiss.
You hear a shout!
The ice beast hits you.
* * * LOW HITPOINT WARNING * * *
The ice beast freezes you!
You die...
Your body crumbles into a pile of gold.

.##
#######...
#....<#..
#.#####.#
#.####..
#....#.#
####@#.#
#Y$.#####
$
#>........
#.####.###
#.# # ...
.#.. .....
. ..#. $


You could see an ice beast (rooted).

Vanquished Creatures
  Edmund (D:5)
  2 black bears
  3 ogres
  A phantom (D:5)
  A scorpion (D:5)
  A crimson imp (D:5)
  2 hounds (D:6)
  2 orc priests
  A jelly (D:5)
  4 iguanas
  5 orc wizards
  7 adders
  6 gnolls
  A shadow imp (D:5)
  2 dart slugs
  A worm (D:2)
  15 orcs
  7 endoplasms
  3 giant cockroaches
  7 goblins
  6 hobgoblins
  8 jackals
  7 kobolds
  4 quokkas
  5 ball pythons
  4 bats
  2 frilled lizards
  3 rats (D:1)
111 creatures vanquished.

Vanquished Creatures (others)
  An adder (D:5)
1 creature vanquished.

Grand Total: 112 creatures vanquished

Notes
Turn   | Place    | Note
-------+----------+-------------------------------------------
     0 | D:1      | FexLirch the Octopode Transmuter began the quest for the
                  | Orb.
     0 | D:1      | Reached XP level 1. HP: 13/13 MP: 3/3
   131 | D:1      | Reached XP level 2. HP: 18/18 MP: 3/5
   134 | D:1      | Learned a level 2 spell: Wereblood
   372 | D:1      | Found a faded altar of an unknown god.
   388 | D:1      | Prayed at the altar of an unknown god.
   388 | D:1      | Became a worshipper of Gozag Ym Sagoz the Greedy
   985 | D:2      | Reached XP level 3. HP: 21/23 MP: 1/6
  1021 | D:2      | Learned a level 3 spell: Spider Form
  1543 | D:3      | Found Vaefe's Jewellery Shoppe.
  1588 | D:3      | Found Fiqy's Armour Emporium.
  1651 | D:3      | Reached XP level 4. HP: 28/28 MP: 3/7
  1726 | D:3      | Found Goxit's Magic Scroll Shoppe.
  1739 | D:3      | Bought a scroll of blinking for 82 gold pieces
  1739 | D:3      | Bought a scroll of identify for 22 gold pieces
  1844 | D:3      | Found Viunatt's General Store.
  2049 | D:4      | Found a staircase to the Ecumenical Temple.
  2056 | Temple   | Entered the Ecumenical Temple
  2056 | Temple   | Found a transporter.
  2056 | Temple   | Found a transporter.
  2341 | D:4      | Reached XP level 5. HP: 13/33 MP: 1/8
  2477 | D:5      | Entered Level 5 of the Dungeon
  2712 | D:4      | Noticed a black bear
  2884 | D:4      | Killed a black bear
  2885 | D:4      | Reached skill level 5 in Unarmed Combat
  2885 | D:4      | Reached XP level 6. HP: 38/38 MP: 7/9
  3100 | D:5      | Reached skill level 5 in Transmutations
  3192 | D:5      | Noticed Edmund
  3204 | D:5      | Killed Edmund
  3205 | D:5      | Reached XP level 7. HP: 29/43 MP: 7/10
  3299 | D:5      | Found a hide-covered altar of Uskayaw.
  3300 | D:5      | Found a stormy altar of Qazlal.
  3904 | D:5      | Reached XP level 8. HP: 48/48 MP: 7/11
  4014 | D:5      | Found a burning altar of Makhleb.
  4564 | D:6      | Noticed Menkaure
  4608 | D:6      | Learned a level 4 spell: Ice Form
  4633 | D:7      | Found Mapipsug's General Store.
  4738 | D:7      | Reached skill level 1 in Poison Magic
  4749 | D:7      | Bought a scroll of teleportation for 30 gold pieces
  4749 | D:7      | Bought a potion of haste for 100 gold pieces
  4796 | D:7      | Found a flagged portal.
  4801 | D:7      | Identified the +7 hand axe of FexLirch's Misery {heavy,
                  | +Blink rF+ rCorr SInv}
  4805 | Bailey   | Entered a bailey
  5009 | D:6      | Slain by an ice beast

Illustrated notes

Levels and vault maps discovered:
D:1:      dpeg_arrival_boxorama, layout_basic,
          ebering_ecumenical_altar_sacrificial, serial_bayou_lake_a
D:2:      layout_rooms
D:3:      layout_basic, serial_shops, nicolae_shop_hallway_plus, shop, shop,
          nicolae_shop_waterfront, minmay_misc_feat_tower, minivault_26
D:4:      layout_basic, minmay_temple_entry_gardened_gates
D:5:      layout_loops_corners, grunt_temple_overflow_open,
          makhleb_grotto_becter, lemuel_flamethrower_2, uniq_edmund
D:6:      layout_basic, nicolae_shop_overcharged_wands, uniq_menkaure
D:7:      layout_basic, enter_bailey_2, serial_shops, shop, dk_noncrumbling_3,
          kennysheep_decorative_pillar, due_unseen_surprise
Temple:   hellmonk_temple_divided_pantheon

Skill      XL: |  1  2  3  4  5  6  7  8 |
---------------+-------------------------+-----
Transmutations | 3 4 5 6 7 |  7.3
Unarmed Combat | 4 5 6 7 |  7.7
Poison Magic   | 1 |  1.1
Fighting       | |  1.0
Dodging        | |  2.0
Spellcasting   | |  2.0
Ice Magic      | |  0.8

Action                     |  1- 3 |  4- 6 |  7- 9 || total
---------------------------+-------+-------+-------++-------
  Melee: Unarmed           |    81 |   109 |   108 ||   298
         Constrict         |    19 |    21 |    16 ||    56
         Tentacles         |    14 |    21 |    14 ||    49
         Kick              |    20 |    30 |    17 ||    67
         Punch             |     1 |     2 |     5 ||     8
  Throw: Boomerang         |       |     3 |       ||     3
         Dart              |       |     3 |     5 ||     8
   Cast: Beastly Appendage |    26 |    16 |    11 ||    53
         Wereblood         |    11 |     8 |     6 ||    25
         Spider Form       |       |     2 |     8 ||    10
  Evoke: Wand              |       |       |     4 ||     4
    Use: Scroll            |       |     2 |     2 ||     4
   Stab: Sleeping          |     7 |     2 |     1 ||    10
 Armour: Skin              |     6 |     5 |     2 ||    13
  Dodge: Dodged            |    46 |    46 |    56 ||   148

Table legend: (Time is in decaauts)
 A = Elapsed time spent in this place.
 B = Non-inter-level travel time spent in this place.
 C = Inter-level travel time spent in this place.
 D = Time resting spent in this place.
 E = Time spent auto-exploring this place.
 F = Levels seen in this place.
 G = Mean time per level.
                   A        B        C        D        E       F      G
               +--------+--------+--------+--------+--------+-----+--------+
         Total |   4983 |   4830 |    153 |    417 |   2487 |   9 |  553.7 |
       Dungeon |   4944 |   4791 |    153 |    417 |   2487 |   7 |  706.3 |
        Temple |      1 |      1 |      0 |      0 |      0 |   1 |    1.0 |
        Bailey |     36 |     36 |      0 |      0 |      0 |   1 |   36.0 |
               +--------+--------+--------+--------+--------+-----+--------+

Top non-repeatable levels by time:
     D:5: 1405 daAuts
     D:4: 910 daAuts
     D:1: 883 daAuts
     D:3: 699 daAuts
     D:2: 484 daAuts
     D:6: 336 daAuts
     D:7: 225 daAuts
  Bailey: 36 daAuts
  Temple: 1 daAuts
